 Dungeon Crawl Stone Soup version 0.31.0-9-g3a7656b989 (webtiles) character file.

Game seed: 11544851678225092555

296 qw the Shooter (level 6, -4/30 HPs)
             Began as a Spriggan Hunter on Feb 2, 2024.
             Slain by a phantom (6 damage)
             ... on level 3 of the Dungeon.
             The game lasted 00:00:07 (1466 turns).

qw the Shooter (Spriggan Hunter)                    Turns: 1466, Time: 00:00:08

Health: -4/30      AC:  2    Str:  7    XL:     6   Next: 12%
Magic:  7/7        EV: 20    Int: 11    God:
Gold:   157        SH:  0    Dex: 20    Spells: 5/5 levels left

rFire   . . .        a - +1 shortbow
rCold   . . .        (shield currently unavailable)
rNeg    . . .        c - +0 robe
rPois   +            (helmet restricted)
rElec   .            (no cloak)
rCorr   .            (gloves unavailable)
SInv    +            (boots unavailable)
Will    +....        (no amulet)
Stlth   ++           g - ring of poison resistance
HPRegen 0.25/turn    (no ring)
MPRegen 0.10/turn

%: no passive effects
@: very quick
A: very small, no large weapons, unfitting armour, see invisible, speed 3
a: no special abilities


You were on level 3 of the Dungeon.
You visited 1 branch of the dungeon, and saw 3 of its levels.

You collected 157 gold pieces.


Innate Abilities, Weirdness & Mutations

You are very small and have problems with some larger weapons.
You are too small for most types of armour.
You have supernaturally acute eyesight. (SInv)
You cover ground extremely quickly. (Speed+++)


   Skills:
 - Level 2.0 Fighting
 - Level 6.3 Ranged Weapons
 + Level 5.3 Dodging
 - Level 1.5 Stealth


You had 5 spell levels left.
You didn't know any spells.
Your spell library was empty.

Inventory:

Hand Weapons
 a - a +1 shortbow (weapon)
Armour
 c - a +0 robe (worn)
Jewellery
 b - a +6 ring of intelligence
 g - a ring of poison resistance (left hand)
Potions
 d - a potion of might {unknown}
 e - a potion of mutation
 f - a potion of enlightenment {unknown}
 i - a potion of berserk rage {unknown}

Dungeon Overview and Level Annotations

Branches:
Dungeon (3/15)

Altars:
Ru

Shops:
D:1 (


Message History

The arrow hits the phantom but does no damage.
The phantom is moderately damaged.
The phantom closely misses you.
You shoot an arrow. The arrow closely misses the phantom.
The phantom closely misses you.
You shoot an arrow.
The arrow completely misses the phantom.
The phantom misses you.
You shoot an arrow. The arrow hits the phantom.
The phantom is moderately damaged.
The phantom misses you.
You shoot an arrow. The arrow hits the phantom.
The phantom is heavily damaged.
The phantom hits you.
You shoot an arrow. The arrow hits the phantom.
The phantom is heavily damaged.
The phantom hits you.
You shoot an arrow. The arrow misses the phantom.
The phantom misses you.
You shoot an arrow. The arrow hits the phantom!
The phantom is almost destroyed.
The phantom misses you.
You shoot an arrow. The arrow hits the phantom.
The phantom is almost destroyed.
The phantom hits you. x2
You shoot an arrow. The arrow barely misses the phantom.
The phantom barely misses you.
You shoot an arrow. The arrow closely misses the phantom.
The phantom misses you.
You shoot an arrow. The arrow barely misses the phantom.
The phantom completely misses you.
You shoot an arrow. The arrow closely misses the phantom.
The phantom closely misses you.
You shoot an arrow. The arrow closely misses the phantom.
The phantom misses you.
You shoot an arrow. The arrow barely misses the phantom.
The phantom hits you.
You shoot an arrow. The arrow closely misses the phantom.
The phantom hits you.
You die...

#############
#.....@W....#
#.#########.#
#.# #.# #.#
#.##########
#..........#
##########.#
#.#


You could see a phantom.

Vanquished Creatures
  Sigmund (D:3)
  A sleepcap (D:2)
  3 gnolls (D:2)
  2 adders
  5 dart slugs
  5 endoplasms
  A giant cockroach (D:3)
  3 goblins (D:2)
  5 hobgoblins
  4 jackals (D:1)
  6 kobolds
  2 quokkas
  5 ball pythons
  9 bats
  4 frilled lizards
  4 rats
60 creatures vanquished.

Notes
Turn   | Place    | Note
-------+----------+-------------------------------------------
     0 | D:1      | qw the Spriggan Hunter began the quest for the Orb.
     0 | D:1      | Reached XP level 1. HP: 10/10 MP: 2/2
     0 | D:1      | 0 ||| qw: Version: 0.3-a-155-g5e7d8dd
     0 | D:1      | 0 ||| qw: Game counter: 1314
     0 | D:1      | 0 ||| qw: Melee chars always use a shield: true
     0 | D:1      | 0 ||| qw: God list: Okawaru
     0 | D:1      | 0 ||| qw: Allow faded altars: false
     0 | D:1      | 0 ||| qw: Do Orc after clearing Dungeon:15 true
     0 | D:1      | 0 ||| qw: Do second Lair branch before Depths: true
     0 | D:1      | 0 ||| qw: Lair rune preference: random
     0 | D:1      | 0 ||| qw: Goals: Normal
     0 | D:1      | 0 ||| PLANNING D:1-11
    48 | D:1      | Reached skill level 3 in Dodging
    81 | D:1      | Found Vuoxapli's Weapon Shop.
    93 | D:1      | Reached XP level 2. HP: 14/14 MP: 3/3
   103 | D:1      | 103 ||| SHOPLISTING +2 arbalest of Darkness {flame,
                  | ^Fragile rPois Str+8 Int+2} (536 gold, have 9).
   425 | D:1      | 425 ||| UPGRADING to ring of poison resistance.
   426 | D:1      | 426 ||| READING scroll labelled TONINUSHR QOUM.
   429 | D:1      | 429 ||| READING scroll labelled POASKI BEADD.
   429 | D:1      | 429 ||| ENCHANTING +0 shortbow.
   430 | D:1      | 430 ||| READING 2 scrolls labelled CIVUOQ PEOZA.
   430 | D:1      | 430 ||| IDENTIFYING ruby potion
   431 | D:1      | 431 ||| READING scroll of identify.
   431 | D:1      | 431 ||| IDENTIFYING scroll labelled UNTYEC ISUL
   432 | D:1      | 432 ||| READING 2 scrolls labelled DUROGR QANILA.
   433 | D:1      | 433 ||| DROPPING scroll of butterflies.
   434 | D:1      | 434 ||| DROPPING scroll of fear.
   435 | D:1      | 435 ||| DROPPING scroll of poison.
   500 | D:2      | Reached XP level 3. HP: 7/18 MP: 4/4
   620 | D:2      | 620 ||| FLEEEEING.
   621 | D:2      | 621 ||| FLEEEEING.
   625 | D:2      | Reached skill level 5 in Ranged Weapons
   762 | D:2      | Reached XP level 4. HP: 22/22 MP: 5/5
   776 | D:2      | HP: 4/22 [gnoll/+0 spear (6)]
   962 | D:2      | 962 ||| DROPPING ring of magical power.
   963 | D:2      | 963 ||| READING scroll labelled PAHAOF CADOA.
   964 | D:2      | 964 ||| READING scroll labelled LISARE XUWIO.
   965 | D:2      | 965 ||| READING scroll labelled BYZAYLOEVI.
  1036 | D:3      | Noticed Sigmund
  1046 | D:3      | Killed Sigmund
  1047 | D:3      | Reached skill level 6 in Ranged Weapons
  1047 | D:3      | Reached XP level 5. HP: 10/26 MP: 6/6
  1047 | D:3      | Reached XP level 6. HP: 12/30 MP: 7/7
  1134 | D:3      | Found a faded altar of an unknown god.
  1224 | D:3      | Found a sacrificial altar of Ru.
  1459 | D:3      | HP: 6/30 [phantom (6)]
  1465 | D:3      | HP: 1/30 [phantom (6)]
  1466 | D:3      | Slain by a phantom

Levels and vault maps discovered:
D:1:      minmay_arrival_nine_rooms, layout_rooms, serial_shops,
          nicolae_shop_scrapyard
D:2:      layout_basic, minmay_pentomino_w2
D:3:      layout_loops_ring, mainiacjoe_overflow_six_doors_small,
          hellmonk_ecumenical_altar_pennies_from_heaven, hangedman_decor_points,
          minmay_misc_feat_plants, uniq_sigmund

Skill      XL: |  1  2  3  4 |
---------------+-------------+-----
Dodging        | 3 4 5 |  5.3
Ranged Weapons | 5 6 |  6.3
Fighting       | 2 |  2.0
Stealth        | |  1.5

Action                     |  1- 3 |  4- 6 || total
---------------------------+-------+-------++-------
   Fire: Shortbow          |    99 |   104 ||   203
    Use: Scroll            |     5 |     3 ||     8
 Armour: Robe              |    13 |    24 ||    37
  Dodge: Dodged            |    39 |    59 ||    98

Table legend:
 A = Non-vault XP
 B = Vault XP
 C = Vault XP percentage of total XP
 D = Non-vault monster count
 E = Vault monster count
 F = Vault count percentage of total count
                 A         B        C        D         E       F
            +---------+---------+-------+---------+---------+-------
      Total |     195 |     228 |  53.9 |      57 |       3 |   5.0
            +---------+---------+-------+---------+---------+-------
        D:1 |      39 |       0 |   0.0 |      24 |       0 |   0.0
        D:2 |     115 |       2 |   1.7 |      19 |       2 |   9.5
        D:3 |      41 |     226 |  84.6 |      14 |       1 |   6.7
            +---------+---------+-------+---------+---------+-------
